 Dungeon Crawl Stone Soup version 0.28-b1-70-g80dc712255 (webtiles) character file.

Game seed: 4411836943716488609

51141 crazypyro the Basher (level 14, -20/154 HPs)
             Began as an Ogre Monk on Feb 3, 2022.
             Was the Champion of Qazlal.
             Demolished by an ogre (30 damage)
             ... while paralysed by an ogre mage
             ... on level 1 of the Orcish Mines.
             The game lasted 00:28:37 (23809 turns).

crazypyro the Basher (Ogre Monk)                   Turns: 23809, Time: 00:28:37

Health: -20/154    AC: 14    Str: 22    XL:     14   Next: 58%
Magic:  19/19      EV:  1    Int: 13    God:    Qazlal [******]
Gold:   3191       SH:  0    Dex: 11    Spells: 13/13 levels left

rFire   . . .      SeeInvis +   K - +3 giant spiked club
rCold   . . .      Faith    .   (shield currently unavailable)
rNeg    + + .      Spirit   .   y - +0 steam dragon scales
rPois   +          Reflect  .   (helmet restricted)
rElec   .          Harm     +   L - +2 cloak of the Thief {*Fog Slay-2 SInv Stlth+}
rCorr   +          Rampage  .   (gloves unavailable)
Will    +....                   (boots unavailable)
Stlth   +.........              D - amulet "Tiqefy" {Acrobat Harm rN+ rCorr Int+2}
HPRegen 0.35/turn               Q - ring of positive energy
MPRegen 0.16/turn               R - ring of poison resistance

@: paralysed, protected from physical damage, studying Bows, repel missiles
A: large, unfitting armour, tough skin 1
a: Renounce Religion, Upheaval, Elemental Force, Disaster Area


You were on level 1 of the Orcish Mines.
You worshipped Qazlal.
Qazlal was exalted by your worship.
You visited 3 branches of the dungeon, and saw 20 of its levels.
You also visited: Ossuary and Bailey.

You collected 3191 gold pieces.

Inventory:

Hand Weapons
 a - a +1 mace
 q - the +8 mace "Ziqiy" {freeze, +Blink rElec Dex+4 SInv}
   (You found it on level 3 of the Dungeon)

   It freezes those it strikes, dealing additional cold damage.
   It can also slow down cold-blooded creatures.
   Dex:       It affects your dexterity (+4).
   rElec:     It insulates you from electricity.
   SInv:      It lets you see invisible.
   +Blink:    It lets you blink.
 K - a +3 giant spiked club (weapon)
Missiles
 E - 2 throwing nets (quivered)
Armour
 b - a +1 robe
 p - a +0 cloak
 y - +0 steam dragon scales (worn)
 L - the +2 cloak of the Thief (worn) {*Fog Slay-2 SInv Stlth+}
   (You acquired it on level 10 of the Dungeon)

   It may release a thick cloud of smoke when the wearer is hurt.
   Slay:      It affects your accuracy & damage with ranged weapons and melee
   (-2).
   SInv:      It lets you see invisible.
   Stlth:     It makes you more stealthy.
Jewellery
 f - a +4 ring of protection
 g - a +6 ring of strength
 l - a ring of see invisible
 r - a +4 ring of protection
 t - the ring of Boenong {rC- rCorr Int+4 Stlth+}
   (You found it in a bailey)

   [ring of resist corrosion]

   Int:       It affects your intelligence (+4).
   rC:        It makes you vulnerable to cold.
   rCorr:     It protects you from acid and corrosion.
   Stlth:     It makes you more stealthy.
 x - an amulet of faith
 z - a +4 ring of evasion
 A - a ring of wizardry
 D - the amulet "Tiqefy" (around neck) {Acrobat Harm rN+ rCorr Int+2}
   (You acquired it on level 10 of the Dungeon)

   [amulet of the acrobat]

   It increases your evasion while moving and waiting.
   Int:       It affects your intelligence (+2).
   rN:        It protects you from negative energy.
   rCorr:     It protects you from acid and corrosion.
   Harm:      It increases damage dealt and taken.
 J - a ring of ice
 O - a +4 ring of protection
 Q - a ring of positive energy (left hand)
 R - a ring of poison resistance (right hand)
 T - a +4 ring of evasion
Wands
 k - a wand of iceblast (13)
 v - a wand of paralysis (31)
 C - a wand of flame (31)
 I - a wand of polymorph (6)
 U - a wand of mindburst (7)
Scrolls
 d - 15 scrolls of identify
 F - a scroll of enchant armour
 G - 2 scrolls of teleportation
 M - 4 scrolls of amnesia
 N - 3 scrolls of blinking
 P - a scroll of fear
Potions
 c - 3 potions of attraction
 h - 4 potions of flight
 i - 12 potions of curing
 j - 4 potions of mutation
 m - 2 potions of lignification
 n - 3 potions of haste
 o - 3 potions of might
 s - 2 potions of resistance
 u - 7 potions of brilliance
 B - a potion of heal wounds
 H - 3 potions of degeneration
 S - 2 potions of berserk rage {unknown}
Miscellaneous
 e - a phantom mirror


   Skills:
 + Level 13.9 Fighting
 * Level 14.7 Maces & Flails
 + Level 8.7 Armour
 + Level 10.1 Dodging
 - Level 1.4 Stealth
 - Level 7.0 Invocations
 - Level 4.3 Evocations


You had 13 spell levels left.
You didn't know any spells.
Your spell library contained the following spells:

 Spells                   Type           Power      Damage    Failure   Level
 Foxfire                  Conj/Fire      0%         2x1d4     30%         1
 Magic Dart               Conj           0%         1d3       30%         1
 Shock                    Conj/Air       0%         1d3       30%         1
 Call Imp                 Summ           0%         N/A       43%         2
 Ensorcelled Hibernation  Hex/Ice        0%         N/A       43%         2
 Passwall                 Tmut/Erth      0%         N/A       43%         2
 Scorch                   Fire           0%         2d5       43%         2
 Searing Ray              Conj           0%         2d4       43%         2
 Conjure Flame            Conj/Fire      0%         6-21      67%         3
 Inner Flame              Hex/Fire       0%         N/A       67%         3
 Mephitic Cloud           Conj/Pois/Air  0%         N/A       67%         3
 Ozocubu's Armour         Ice            0%         N/A       67%         3
 Stone Arrow              Conj/Erth      0%         3d7       67%         3
 Swiftness                Air            0%         N/A       67%         3
 Airstrike                Air            0%         N/A       97%         4
 Animate Armour           Summ/Erth      0%         N/A       97%         4
 Flame Wave               Conj/Fire      0%         2d4       97%         4
 Fulminant Prism          Conj/Hex       0%         3d6       97%         4
 Petrify                  Tmut/Erth      0%         N/A       97%         4
 Metabolic Englaciation   Hex/Ice        0%         N/A       100%        5
 Statue Form              Tmut/Erth      0%         N/A       100%        6
 Summon Cactus Giant      Summ           0%         N/A       100%        6
 Ozocubu's Refrigeration  Ice            0%         4d5       100%        7
 Lehudib's Crystal Spear  Conj/Erth      0%         10d2      100%        8


Dungeon Overview and Level Annotations

Branches:
Dungeon (12/15)            Temple (0/1) D:4            Lair (6/6) D:8
 Shoals (0/4) Lair:2       Spider (0/4) Lair:4        Slime (0/5) Lair:5
    Orc (2/2) D:9         Ossuary (visited)          Bailey (visited)
    Elf: Orc:2

Altars:
Hepliaklqana
Qazlal
Sif Muna
Trog
Xom
Jiyva

Annotations:
D:5 2 transporters


Innate Abilities, Weirdness & Mutations

You are too large for most types of armour.
You have tough skin. (AC +1)


Message History

The ogre mage casts a spell at you.
You suddenly lose the ability to move!
The ogre mage is engulfed in blazing flames.
The ogre hits you with a +0 giant club!
You feel protected from physical attacks.
The ogre hits you with a +0 giant club! The ogre mage hits you with a +0 flail.
The ogre hits you with a +0 giant club!
With a swish of your cloak, you release a cloud of fog.
The ogre is engulfed in blazing flames.
The ogre mage hits you but does no damage.
The ogre mage hits you but does no damage.
The ogre hits you with a +0 giant club!
You feel more protected from physical attacks.
The ogre is engulfed in blazing flames.
You kill the ogre!
Qazlal accepts your kill. The ogre hits you with a +0 giant club!
With a swish of your cloak, you release a cloud of fog.
The ogre mage mumbles some strange words.
The ogre mage flickers and vanishes for a moment.
The ogre mage hits you but does no damage.
The ogre hits you with a +0 giant club!!
* * * LOW HITPOINT WARNING * * *
The ogre mage hits you but does no damage.
You can move again.
You climb upwards.
There is a stone staircase leading down here.
The ogre completely misses you.
The ogre mage gestures at you while chanting.
You suddenly lose the ability to move!
The ogre is engulfed in freezing vapours.
The ogre hits you with a +0 giant club.
* * * LOW HITPOINT WARNING * * *
You feel more protected from physical attacks.
The ogre hits you with a +0 giant club!!
* * * LOW HITPOINT WARNING * * *
The ogre mage gestures at the ogre while chanting.
The ogre seems to speed up.
The ogre hits you with a +0 giant club!!
You die...

#...#..#≈≈#_...'..>.......#.##
#...#..#≈≈##..##8.8.8))...####
##.....##≈.####≈≈≈###).....###
##.....#≈≈....≈≈≈##.).#...#..
##....##≈≈≈≈≈≈≈##...........
##...###≈≈≈≈≈##............
##......###≈###......##.....
####.........###...#.#...#.....
###.###......°○O@.§..##...##...#.
##...........O§...#.#.....##..#..
.#............O..#........#....#.
.................##.#.##...#.....
##......[....)....#######.#.#....
###..[.[...>.....## #.........
#.).#.....)....## ######.#......
##.)##........######....####.....
#...##........# ##.......###.....


You could see an ogre mage (invisible) and 2 ogres.

Vanquished Creatures
  An ice dragon (Lair:6)
  A boulder beetle (Lair:5)
  4 catoblepae (Lair:6)
  8 hydras
  9 death yaks
  7 two-headed ogres
  A lindwurm (Lair:5)
  A deep elf pyromancer (D:8)
  A cyclops (D:11)
  A wolf spider (Lair:3)
  4 manticores
  4 elephants (Lair:5)
  Joseph (D:9)
  An ice statue (Lair:6)
  3 black mambas
  7 cane toads
  A kobold demonologist (D:11)
  A rime drake (Lair:3)
  Psyche (D:10)
  4 komodo dragons
  4 polar bears
  5 trolls
  A hornet (D:10)
  Prince Ribbit (Lair:3)
  14 blink frogs
  28 yaks
  3 shadows
  A wraith (D:6)
  4 wyverns
  3 fire bats (Orc:1)
  A steam dragon (D:6)
  3 basilisks
  3 vampire mosquitoes (D:12)
  3 wargs
  Menkaure (D:4)
  2 redbacks (Lair:4)
  10 water moccasins
  A two-headed ogre zombie (D:9)
  A sky beast (D:7)
  Duvessa (D:7)
  16 orc warriors
  3 black bears
  8 ice beasts
  6 ogres
  14 wolves
  A phantom (D:9)
  2 centaurs
  7 kobold brigands
  16 bullfrogs
  A gnoll sergeant (D:7)
  3 scorpions
  5 water moccasin zombies (Ossuary)
  A wyvern skeleton (D:7)
  3 troll zombies (D:9)
  Dowan (D:7)
  6 killer bees (D:8)
  12 wights
  4 howler monkeys
  7 electric eels
  4 crimson imps (D:11)
  5 centaur zombies
  5 hounds
  A bullfrog zombie (D:5)
  A bullfrog skeleton (D:6)
  A jelly (D:7)
  7 orc priests
  2 iguanas
  13 orc wizards
  4 ogre zombies (D:9)
  A hound skeleton (D:4)
  2 mummies (Ossuary)
  Robin (D:4)
  A howler monkey zombie (D:7)
  6 gnolls
  A howler monkey skeleton (D:7)
  6 adders
  A white imp (Lair:6)
  An ufetubus (D:6)
  5 adder zombies (Ossuary)
  3 worms
  3 dart slugs
  38 orcs
  5 ball pythons
  3 bats
  6 endoplasms
  5 giant cockroaches
  6 gnoll zombies (Ossuary)
  11 goblins
  4 hobgoblins
  5 jackals (D:1)
  3 quokkas
  3 frilled lizards
  2 goblin skeletons (D:9)
  3 goblin zombies (D:9)
  A hobgoblin skeleton (D:9)
  5 hobgoblin zombies
  16 kobolds
  2 kobold zombies (Ossuary)
  2 orc skeletons (D:9)
  19 orc zombies
  2 rats (D:3)
  2 butterflies (Lair:5)
484 creatures vanquished.

Vanquished Creatures (collateral kills)
  An ice beast (Lair:6)
1 creature vanquished.

Vanquished Creatures (others)
  A yak (D:10)
  20 fungi
  35 plants
56 creatures vanquished.

Grand Total: 541 creatures vanquished

Notes
Turn   | Place    | Note
-------+----------+-------------------------------------------
     0 | D:1      | crazypyro the Ogre Monk began the quest for the Orb.
     0 | D:1      | Reached XP level 1. HP: 24/24 MP: 1/1
   114 | D:1      | Reached skill level 3 in Maces & Flails
   114 | D:1      | Reached XP level 2. HP: 25/32 MP: 2/2
   623 | D:1      | Reached XP level 3. HP: 22/39 MP: 3/3
   755 | D:1      | Found a faded altar of an unknown god.
   773 | D:1      | Prayed at the altar of an unknown god.
   773 | D:1      | Became a worshipper of Qazlal Stormbringer
   773 | D:1      | Reached * piety under Qazlal
   773 | D:1      | Reached ** piety under Qazlal
  1505 | D:2      | Reached skill level 4 in Maces & Flails
  1505 | D:2      | Reached XP level 4. HP: 15/48 MP: 4/4
  2079 | D:2      | Reached *** piety under Qazlal
  2685 | D:3      | Identified the +8 mace "Ziqiy" {freeze, +Blink rElec Dex+4
                  | SInv}
  2729 | D:3      | Reached XP level 5. HP: 54/54 MP: 5/5
  2733 | D:3      | Reached skill level 5 in Maces & Flails
  2879 | D:3      | Reached skill level 1 in Invocations
  3381 | D:4      | Noticed Robin
  3390 | D:4      | Killed Robin
  3621 | D:4      | Noticed Menkaure
  3630 | D:4      | Killed Menkaure
  3631 | D:4      | Reached skill level 6 in Maces & Flails
  3631 | D:4      | Reached XP level 6. HP: 25/62 MP: 7/7
  3928 | D:4      | Found a staircase to the Ecumenical Temple.
  4375 | D:5      | Entered Level 5 of the Dungeon
  4392 | D:5      | Reached XP level 7. HP: 71/71 MP: 8/8
  4504 | D:5      | Reached skill level 1 in Armour
  4506 | D:5      | Found a transporter.
  4608 | D:5      | Found a sand-covered staircase.
  4612 | Ossuary  | Entered an ossuary
  4686 | Ossuary  | Reached skill level 5 in Fighting
  4696 | Ossuary  | Reached **** piety under Qazlal
  4755 | Ossuary  | Reached XP level 8. HP: 79/80 MP: 9/9
  4792 | Ossuary  | Reached skill level 7 in Maces & Flails
  5476 | D:5      | Found a transporter.
  5519 | D:6      | Noticed a yak
  5519 | D:6      | Noticed a yak
  5519 | D:6      | Noticed a yak
  5519 | D:6      | Noticed a yak
  5519 | D:6      | Noticed a yak
  5527 | D:5      | Killed a yak
  5737 | D:6      | Killed a yak
  5743 | D:6      | Reached skill level 8 in Maces & Flails
  5747 | D:6      | Killed a yak
  5748 | D:6      | Reached XP level 9. HP: 77/92 MP: 10/10
  6083 | D:6      | Reached skill level 5 in Dodging
  6542 | D:7      | Noticed Duvessa
  6543 | D:7      | Noticed Dowan
  6549 | D:7      | Reached ***** piety under Qazlal
  6553 | D:7      | Killed Duvessa
  6558 | D:7      | Killed Dowan
  6559 | D:7      | Reached skill level 9 in Maces & Flails
  6748 | D:7      | Noticed a manticore
  6756 | D:7      | Killed a manticore
  6757 | D:7      | Reached XP level 10. HP: 94/104 MP: 12/12
  8012 | D:8      | Noticed a manticore
  8028 | D:8      | Killed a manticore
  8042 | D:8      | Reached skill level 10 in Maces & Flails
  8042 | D:8      | Reached skill level 5 in Invocations
  8411 | D:8      | Reached skill level 5 in Armour
  8574 | D:8      | Noticed a deep elf pyromancer
  8588 | D:8      | Killed a deep elf pyromancer
  8721 | D:8      | Found a bloodstained altar of Trog.
  9019 | D:8      | Found a staircase to the Lair.
  9027 | D:8      | Reached XP level 11. HP: 115/115 MP: 15/15
  9203 | D:9      | Noticed Joseph
  9213 | D:9      | Killed Joseph
  9467 | D:9      | Identified the +8 dagger "Ogre's Doom" {vorpal, rPois
                  | Will++}
  9821 | D:9      | Found a flagged portal.
  9831 | Bailey   | Entered a bailey
 10099 | Bailey   | Found a bloodstained altar of Trog.
 10105 | Bailey   | Identified the ring of Boenong {rC- rCorr Int+4 Stlth+}
 10169 | D:9      | Found a staircase to the Orcish Mines.
 10198 | D:9      | Reached ****** piety under Qazlal
 10472 | D:10     | Entered Level 10 of the Dungeon
 10482 | D:10     | Noticed Psyche
 10492 | D:10     | Killed Psyche
 10493 | D:10     | Reached skill level 11 in Maces & Flails
 10497 | D:10     | Reached skill level 10 in Fighting
 10656 | D:10     | Noticed a two-headed ogre
 10662 | D:10     | Killed a two-headed ogre
 10689 | D:10     | Identified 3 scrolls of acquirement
 10689 | D:10     | Acquired the +2 cloak of the Thief {*Fog Slay-2 SInv
                  | Stlth+}
 10689 | D:10     | Found the +2 cloak of the Thief {*Fog Slay-2 SInv Stlth+}
 10775 | D:10     | Acquired 1274 gold pieces
 10776 | D:10     | Acquired the amulet "Tiqefy" {Acrobat Harm rN+ rCorr Int+2}
 11098 | D:10     | Found a hazy altar of Hepliaklqana.
 11802 | D:11     | Noticed a two-headed ogre
 11812 | D:11     | Killed a two-headed ogre
 12024 | D:11     | Found a shimmering altar of Xom.
 12035 | D:11     | Reached XP level 12. HP: 127/127 MP: 17/17
 12486 | D:11     | Reached skill level 1 in Evocations
 12967 | Lair:1   | Entered Level 1 of the Lair of Beasts
 13363 | Lair:1   | Reached skill level 12 in Maces & Flails
 14210 | Lair:2   | Noticed a four-headed hydra
 14219 | Lair:2   | Killed a four-headed hydra
 14493 | Lair:2   | Found a staircase to the Shoals.
 14762 | Lair:3   | Noticed Prince Ribbit
 15120 | Lair:3   | Killed Prince Ribbit
 15397 | Lair:3   | Reached XP level 13. HP: 45/139 MP: 18/18
 16825 | Lair:4   | Found a hole to the Spider Nest.
 16831 | Lair:4   | Reached skill level 13 in Maces & Flails
 18351 | Lair:5   | You fall into a shaft and drop 1 floor!
 18351 | Lair:6   | Entered Level 6 of the Lair of Beasts
 18395 | Lair:6   | Noticed an ice dragon
 19141 | Lair:5   | Found a viscous altar of Jiyva.
 19141 | Lair:5   | Found a staircase to the Slime Pits.
 20092 | Lair:6   | Killed an ice dragon
 20445 | Lair:6   | Identified the +8 quarterstaff "Bimuur" {protect, Str+2
                  | SInv Stlth-}
 20454 | Lair:6   | Identified the +6 spear "Benokkaj" {freeze, Fly}
 20894 | Lair:6   | Reached XP level 14. HP: 122/153 MP: 19/19
 20899 | Lair:6   | Reached skill level 14 in Maces & Flails
 22270 | Lair:6   | Identified the +1 ring mail of the Hall of Blades {rC+
                  | Regen+ rCorr}
 22464 | Orc:1    | Entered Level 1 of the Orcish Mines
 22612 | Orc:2    | Entered Level 2 of the Orcish Mines
 23034 | Orc:1    | Found a shimmering blue altar of Sif Muna.
 23375 | Orc:2    | Reached skill level 10 in Dodging
 23796 | Orc:2    | Paralysed by an ogre mage for 5 turns
 23806 | Orc:1    | Paralysed by an ogre mage for 4 turns
 23809 | Orc:1    | Demolished by an ogre

Illustrated notes

Levels and vault maps discovered:
D:1:      dpeg_arrival_solitude, layout_basic,
          hellmonk_ecumenical_altar_crossroads, minmay_misc_feat_four_crosses
D:2:      layout_loops_ring, hangedman_decor_push,
          chequers_serial_rivers_small_3
D:3:      minmay_general_purpose_star, layout_basic, chequers_mini_garden
D:4:      layout_loops_ring, minmay_temple_entry_glassed_door, uniq_robin,
          uniq_menkaure
D:5:      gammafunk_cloud_chamber, layout_loops_cross,
          nicolae_ossuary_entry_false_entrances
D:6:      layout_cave_pools, kennysheep_diamond
D:7:      layout_loops_cross, serial_bayou_pond_b, roderic_roman_lattice,
          uniq_duvessa
D:8:      layout_rooms, trog_three_pillars_becter,
          grunt_lair_entry_orc_guard_hut, serial_rivers,
          chequers_serial_rivers_small_3, chequers_serial_rivers_room_a,
          chequers_serial_rivers_small_a, chequers_serial_rivers_room_b,
          chequers_serial_rivers_micro_e, chequers_serial_rivers_large_a
D:9:      layout_cave_pods, zombieorc2_lemuel, enter_bailey_2, uniq_joseph
D:10:     wad_pebble_path, layout_basic, overflow_temple_1_default, uniq_psyche
D:11:     layout_basic, led_xom_imps
D:12:     layout_loops_ring, serial_shops, nicolae_take_the_stairs
Lair:1:   layout_roguey
Lair:2:   layout_gridlike, elwin_shoals_entry_rooms, infiniplex_staircase_pool,
          lemuel_fruit_tree, lemuel_fruit_fields
Lair:3:   layout_cave_shapes, nicolae_lair_run_with_the_wolves,
          uniq_prince_ribbit2
Lair:4:   layout_cave_pods, spider_nest_entry_webs,
          chequers_serial_rivers_room_b
Lair:5:   layout_loops_ring, slime_altar_1, nicolae_lair_lindhole,
          serial_bayou_shore_a, grunt_megastairs_2, lemuel_fruit_fields
Lair:6:   evilmike_catoblepas_cave, layout_hall_layers, ice2_lemuel
Orc:1:    layout_caves, basic_altar, nicolae_volcano_entry_batcave,
          kennysheep_orc_sif_temple
Orc:2:    st_orc_ogre_mass, layout_caves, basic_altar,
          hellmonk_bongcloud_opening

Skill      XL: |  1  2  3  4  5  6  7  8  9 10 11 12 13 14 |
---------------+-------------------------------------------+-----
Maces & Flails | 3 4 6 8 9 10 11 12 13 14 | 14.7
Invocations    | 2 3 5 7 |  7.0
Armour         | 1 3 4 5 6 7 8 |  8.7
Dodging        | 3 4 5 6 7 8 9 10 | 10.1
Fighting       | 5 6 7 9 10 11 13 | 13.9
Evocations     | 3 4 |  4.3
Stealth        | |  1.4

Action                   |  1- 3 |  4- 6 |  7- 9 | 10-12 | 13-15 || total
-------------------------+-------+-------+-------+-------+-------++-------
Melee: Mace              |    94 |   123 |   197 |   639 |   166 ||  1219
       Punch             |       |       |     2 |     5 |     3 ||    10
       Giant spiked club |       |       |       |       |   206 ||   206
Invok: Elemental Force   |       |       |       |       |     1 ||     1
  Use: Scroll            |       |     5 |     5 |    14 |     9 ||    33
       Potion            |       |       |       |       |     6 ||     6
 Stab: Sleeping          |     3 |       |       |       |       ||     3
       Paralysed         |       |       |       |       |     2 ||     2
Armor: Robe              |    34 |    21 |    45 |       |       ||   100
       Steam dragon scal |       |       |    18 |   194 |   146 ||   358
Dodge: Dodged            |    63 |    50 |    77 |   354 |   283 ||   827
       Repelled          |       |       |     1 |     3 |     3 ||     7
Block: Other             |     6 |    13 |    40 |   239 |   176 ||   474
